 Dungeon Crawl Stone Soup version 0.21.1-1-g345015f (webtiles) character file.

121320 xccam the Fencer (level 16, -1/147 HPs)
             Began as a Yellow Draconian Berserker on Mar 18, 2018.
             Was the Champion of Trog.
             Slain by a naga warrior
             ... wielding a +0 short sword
              (23 damage)
             ... on level 4 of the Lair of Beasts.
             The game lasted 01:06:49 (21672 turns).

xccam the Fencer (Yellow Draconian Berserker)      Turns: 21672, Time: 01:06:49

Health: -1/147     AC: 16    Str: 23    XL:     16   Next: 32%
Magic:  18/25      EV: 20    Int:  8    God:    Trog [******]
Gold:   2374       SH:  0    Dex: 15    Spells: 15/15 levels left

rFire    + + .     SeeInvis .   F - +3 great sword of Grandeur {slice, rPois}
rCold    . . .     Gourm    .   (shield currently unavailable)
rNeg     + . .     Faith    .   (armour unavailable)
rPois    +         Spirit   .   G - +2 hat {MR+}
rElec    .         Reflect  .   P - +2 cloak
rCorr    +         Harm     .   v - +1 pair of gloves
MR       ++++.                  (no boots)
Stlth    ..........             s - amulet of regeneration
HPRegen  1.74/turn              r - ring of the Lost Wars {rF+ MP+9 Str+3 Slay+3 Stlth-}
MPRegen  0.19/turn              l - ring of positive energy

@: short of breath, berserk cooldown, regenerating, slowed, constricted, very
slow
A: spit acid, acid resistance, unfitting armour, talons 1, fire resistance 1,
weak 1, acidic bite, cold-blooded, AC +9
a: Breathe Acid, Berserk, Trog's Hand, Brothers in Arms, Burn Spellbooks,
Renounce Religion


You were on level 4 of the Lair of Beasts.
You worshipped Trog.
Trog was exalted by your worship.
You were not hungry.

You visited 4 branches of the dungeon, and saw 24 of its levels.
You also visited: Ossuary.

You collected 2374 gold pieces.

Inventory:

Hand Weapons
 D - a +0 scimitar of flaming
 F - the +3 great sword of Grandeur (weapon) {slice, rPois}
   (Trog gifted it to you on level 11 of the Dungeon)

   It inflicts extra damage upon your enemies.
   It protects you from poison.
 H - a +4 great sword of holy wrath
 J - a +3 antimagic triple sword
Armour
 v - a +1 pair of gloves (worn)
 G - a +2 hat of magic resistance (worn)
 P - a +2 cloak (worn)
Jewellery
 h - a +6 ring of intelligence
 l - a ring of positive energy (right hand)
 r - the ring of the Lost Wars (left hand) {rF+ MP+9 Str+3 Slay+3 Stlth-}
   (You acquired it on level 6 of the Lair of Beasts)

   [ring of slaying]

   It affects your strength (+3).
   It affects your accuracy and damage with ranged weapons and melee attacks
   (+3).
   It protects you from fire.
   It affects your magic capacity (+9).
   It makes you less stealthy.
 s - an amulet of regeneration (around neck)
Wands
 d - a wand of digging (38)
 m - a wand of flame (74)
 n - a wand of enslavement (7)
 w - a wand of scattershot (4)
 y - a wand of paralysis (33)
 z - a wand of random effects (16)
 C - a wand of clouds (4)
 Q - a wand of acid (8)
Scrolls
 a - 6 scrolls of fog
 f - 14 scrolls of teleportation
 j - 7 scrolls of immolation
 k - 19 scrolls of remove curse
 t - 2 scrolls of enchant armour
 u - 2 scrolls of blinking
 x - 3 scrolls of fear
 K - a scroll of torment
 L - 4 scrolls of magic mapping
 M - 3 scrolls of enchant weapon
 N - 6 scrolls of identify
Potions
 c - a potion of heal wounds
 e - a potion of resistance
 g - a potion of cancellation
 i - 2 potions of brilliance
 o - 8 potions of curing
 p - 6 potions of might
 q - 7 potions of agility
 B - 3 potions of flight
 I - 3 potions of haste
Comestibles
 b - 27 rations


   Skills:
 - Level 14.6 Fighting
 * Level 18.9 Long Blades
 + Level 15.4 Dodging


You had 15 spell levels left.
You didn't know any spells.

Dungeon Overview and Level Annotations

Branches:
Dungeon (15/15)            Temple (0/1) D:5            Lair (6/6) D:11
 Shoals (0/4) Lair:2        Snake (1/4) Lair:4        Slime (0/5) Lair:5
    Orc (2/2) D:11            Elf (0/3) Orc:2        Vaults (0/5) D:13
 Depths (0/5) D:15

Altars:
Cheibriados
Fedhas
Gozag
Kikubaaqudgha
Makhleb
Qazlal
Trog
Uskayaw
The Shining One
Beogh
Jiyva

Shops:
D:8 :   Orc:2 *([:

Portals:
Hell: Lair:6

Annotations:
Lair:1 exclusion: 3 oklob plants


Innate Abilities, Weirdness & Mutations

You can spit globs of acid.
You are resistant to acid.
Your golden yellow scales are hard. (AC +9)
You cannot fit into any form of body armour.
You have acidic saliva.
You are cold-blooded and may be slowed by cold attacks.
You have sharp toenails.
Your flesh is heat resistant. (rF+)
You are weak. (Str -2)


Message History

You feel very sick.
The naga warrior hits you with a short sword!!
* * * LOW HITPOINT WARNING * * *
The naga warrior barely misses you.
You slice the naga warrior like a ripe choko!!!
The naga warrior is heavily wounded.
* * * LOW HITPOINT WARNING * * *
You feel very sick.
The naga warrior hits you with a short sword!
* * * LOW HITPOINT WARNING * * *
The naga warrior completely misses you.
You feel better. The naga warrior completely misses you.
The naga warrior grabs you. The naga warrior constricts you.
Unknown command.
You feel much better.
The naga warrior hits you with a short sword!
* * * LOW HITPOINT WARNING * * *
The naga warrior constricts you.
The naga warrior hits you with a short sword!!
You die...

#.#######...# ####P....##
# #.## #...###.....P#.# #
#..# #....###...##..##
#..# ##...##...###...#
##..### #...#...## #..P#
#...#.## ##..####..####..#
##.....###P...##..P#.P..##
#..........N...#........#
#.##..##...P@.P...#...###
##.#######...†P..#######
## ##..# #.......# #.
#.#.# #..##...## #######.
##..#
###..###...#####.P#...#
#..#
#...P##.....##.#.......
##.##
#P..####...####.#P####.
##..# #...# #..## #.###
##. ##..## ##...# #..##
#.# #..


You could see a naga warrior.

Vanquished Creatures
  Gastronok (D:8)
  Agnes (D:14)
  Aizul (Snake:1)
  2 orc warlords
  A war gargoyle (D:15)
  Nessos (Orc:2)
  Snorg (D:14)
  Josephine (D:14)
  2 ogre magi
  A yaktaur captain (D:15)
  8 hydras
  An ice dragon (D:15)
  A rakshasa (D:15)
  An anaconda (Snake:1)
  4 centaur warriors
  2 catoblepae (D:13)
  Erica (D:8)
  9 two-headed ogres
  6 death yaks (Lair:4)
  The ghost of soepske the Fighter, a novice DsBe of Trog (D:9)
  5 orc high priests (Orc:2)
  Urug (D:10)
  A sun demon (Lair:6)
  Sonja (Lair:4)
  4 skeletal warriors (D:12)
  2 wizards
  A glowing orange brain (D:15)
  2 unseen horrors
  A wolf spider zombie (D:15)
  A necromancer (D:13)
  4 orc knights
  5 orc sorcerers
  A deep elf mage (D:15)
  5 cyclopes
  5 ugly things
  7 manticores
  5 elephants
  3 centaur zombies
  A smoke demon (Lair:6)
  12 spiny frogs
  Joseph (D:8)
  A spiny frog (shapeshifter) (D:15)
  11 black mambas
  A torpor snail (Lair:6)
  3 orange demons (Lair:6)
  3 centaur skeletons
  A kobold demonologist (D:11)
  A redback zombie (D:13)
  3 rime drakes
  9 komodo dragons
  2 red devils (Lair:6)
  11 trolls
  2 hornets
  A hornet (shapeshifter) (D:15)
  8 slime creatures
  A polar bear (Lair:6)
  A blink frog (shapeshifter) (D:15)
  16 blink frogs
  6 dream sheep (Lair:6)
  10 hippogriffs
  2 shadows
  A wyvern (D:10)
  A vampire (D:13)
  8 wraiths
  41 yaks
  3 hungry ghosts
  A basilisk (D:15)
  A vampire mosquito (D:15)
  A soldier ant (shapeshifter) (D:11)
  7 wargs
  7 swamp worms
  An acid dragon (D:10)
  5 hell hounds (Lair:6)
  17 water moccasins
  2 porcupines (Lair:1)
  3 sky beasts
  42 orc warriors
  6 phantoms
  4 black bears
  An eye of draining (D:11)
  5 ice beasts
  2 necrophages
  10 wolves (Lair:1)
  The ghost of broninjaking the Skirmisher, an amateur DsAK of Lugonu (D:3)
  18 ogres
  25 centaurs
  11 crocodiles
  Blork the orc (D:6)
  2 big kobolds
  23 bullfrogs
  A wyvern skeleton (D:13)
  9 scorpions
  4 killer bees (D:13)
  4 wights (Ossuary)
  2 vampire bats (D:4)
  2 electric eels (Lair:6)
  7 howler monkeys
  3 bullfrog zombies
  5 crimson imps
  2 hounds
  A quasit (D:8)
  23 orc priests
  22 orc wizards
  5 jellies
  A bullfrog skeleton (D:8)
  An iguana (D:11)
  8 worker ants
  2 worker ant zombies
  3 gnolls (D:2)
  22 adders
  3 shadow imps
  An adder skeleton (D:8)
  2 adder zombies (D:7)
  12 worms (Lair:5)
  3 dart slugs
  4 leopard geckos
  115 orcs
  4 ball pythons
  3 bat skeletons (D:4)
  3 bat zombies (D:4)
  3 giant cockroaches
  11 goblins
  5 hobgoblins
  10 jackals
  3 quokkas
  13 bats
  6 frilled lizards
  A goblin zombie (D:5)
  3 hobgoblin zombies (Ossuary)
  14 kobolds
  3 kobold zombies (Ossuary)
  2 orc skeletons (Ossuary)
  A quokka skeleton (D:4)
  10 rats
  A rat zombie (D:5)
  A fungus (Lair:1)
  A plant (Lair:5)
822 creatures vanquished.

Vanquished Creatures (others)
  16 fungi
  23 plants
39 creatures vanquished.

Grand Total: 861 creatures vanquished

Notes
Turn   | Place    | Note
-------+----------+-------------------------------------------
     0 | D:1      | xccam the Draconian Berserker began the quest for the Orb.
     0 | D:1      | Reached XP level 1. HP: 19/19 MP: 1/1
   165 | D:1      | Reached XP level 2. HP: 24/26 MP: 2/2
   391 | D:1      | Reached skill level 4 in Long Blades
   787 | D:2      | Reached ** piety under Trog
   820 | D:2      | Reached XP level 3. HP: 29/31 MP: 3/3
   877 | D:2      | Reached XP level 4. HP: 38/38 MP: 4/4
   907 | D:2      | Reached skill level 5 in Long Blades
  1458 | D:3      | Reached XP level 5. HP: 35/45 MP: 5/5
  1483 | D:3      | Found a bloodstained altar of Trog.
  1665 | D:3      | Noticed broninjaking's ghost (amateur DsAK)
  1674 | D:3      | Killed broninjaking's ghost
  1674 | D:3      | Reached skill level 6 in Long Blades
  1731 | D:3      | Found a blossoming altar of Fedhas.
  2042 | D:3      | Noticed an ogre
  2056 | D:3      | Reached XP level 6. HP: 50/51 MP: 6/6
  2061 | D:3      | Reached skill level 7 in Long Blades
  2290 | D:4      | Found a glowing golden altar of the Shining One.
  2350 | D:4      | Reached *** piety under Trog
  2362 | D:4      | Found an ancient bone altar of Kikubaaqudgha.
  2531 | D:4      | Reached skill level 8 in Long Blades
  2531 | D:4      | Your scales start taking on a golden yellow colour.
  2531 | D:4      | Reached XP level 7. HP: 53/57 MP: 7/7
  3064 | D:5      | Entered Level 5 of the Dungeon
  3183 | D:5      | Found a staircase to the Ecumenical Temple.
  3226 | D:5      | Found a sand-covered staircase.
  3240 | Ossuary  | Entered an ossuary
  3375 | Ossuary  | Reached skill level 9 in Long Blades
  3409 | Ossuary  | Noticed a wraith
  3409 | Ossuary  | Noticed a flying skull
  3422 | Ossuary  | Noticed a flying skull
  3448 | Ossuary  | Noticed a flying skull
  3449 | Ossuary  | Noticed a flying skull
  3455 | Ossuary  | Noticed a wraith
  3460 | Ossuary  | Killed a wraith
  3536 | Ossuary  | Reached XP level 8. HP: 63/63 MP: 8/8
  4227 | D:6      | Reached **** piety under Trog
  4271 | D:6      | Noticed Blork the orc
  4279 | D:6      | Killed Blork the orc
  4282 | D:6      | Reached skill level 5 in Dodging
  4286 | D:6      | Reached skill level 10 in Long Blades
  5095 | D:7      | Reached XP level 9. HP: 53/70 MP: 9/9
  5383 | D:7      | Identified the Compendium of Cankerous Glamour
  5415 | D:7      | Reached skill level 11 in Long Blades
  6054 | D:8      | Reached ***** piety under Trog
  6164 | D:8      | Found Cupnac's Book Boutique.
  6239 | D:8      | Noticed Gastronok
  6259 | D:8      | Killed Gastronok
  6259 | D:8      | Reached XP level 10. HP: 84/84 MP: 10/10
  6383 | D:8      | Noticed a cyan ugly thing
  6397 | D:8      | Killed a cyan ugly thing
  6397 | D:8      | Reached skill level 12 in Long Blades
  6463 | D:8      | Noticed Joseph
  6492 | D:8      | Killed Joseph
  6625 | D:8      | Found an opulent altar of Gozag.
  6643 | D:8      | Noticed Erica
  6666 | D:8      | Killed Erica
  7010 | D:9      | Found a hide-covered altar of Uskayaw.
  7130 | D:9      | Noticed a two-headed ogre
  7132 | D:9      | Noticed soepske's ghost (novice DsBe)
  7138 | D:9      | Killed a two-headed ogre
  7148 | D:9      | Killed soepske's ghost
  7148 | D:9      | Reached XP level 11. HP: 93/93 MP: 11/11
  7646 | D:10     | Entered Level 10 of the Dungeon
  7710 | D:10     | Received a gift from Trog
  7907 | D:10     | Noticed Urug
  7918 | D:10     | Killed Urug
  7918 | D:10     | Reached skill level 13 in Long Blades
  7936 | D:10     | Killed an unseen horror
  8353 | D:10     | Reached skill level 10 in Dodging
  8613 | D:11     | Noticed a two-headed ogre
  8623 | D:11     | Killed a two-headed ogre
  8734 | D:11     | Noticed a two-headed ogre
  8744 | D:11     | Killed a two-headed ogre
  8744 | D:11     | Reached skill level 10 in Fighting
  8806 | D:11     | Found a snail-covered altar of Cheibriados.
  8809 | D:11     | Reached skill level 14 in Long Blades
  8809 | D:11     | Reached XP level 12. HP: 96/109 MP: 12/12
  8964 | D:11     | Found a staircase to the Orcish Mines.
  8972 | D:11     | Found a roughly hewn altar of Beogh.
  9003 | D:11     | Found the +8 whip "Snakebite" {curare, rPois}
  9036 | D:11     | Received a gift from Trog
  9125 | D:11     | Got a translucent great sword {god gift}
  9126 | D:11     | Identified the +3 great sword of Grandeur {slice, rPois} (Trog gifted it to you on level 11 of the Dungeon)
  9181 | D:11     | Reached XP level 13. HP: 115/115 MP: 13/13
  9281 | D:11     | Found a staircase to the Lair.
  9507 | Lair:1   | Entered Level 1 of the Lair of Beasts
  9544 | Lair:1   | Gained mutation: You are weak. (Str -2) [potion of mutation]
  9544 | Lair:1   | Gained mutation: Your flesh is heat resistant. (rF+) [potion of mutation]
  9544 | Lair:1   | Gained mutation: You have sharp toenails. [potion of mutation]
 10819 | Lair:2   | Found a staircase to the Shoals.
 11589 | Lair:3   | Reached skill level 15 in Long Blades
 12020 | Lair:3   | Reached ****** piety under Trog
 12287 | Lair:4   | Found a staircase to the Snake Pit.
 12430 | Lair:4   | Received a gift from Trog
 12439 | Lair:4   | Gained mutation: You have acidic saliva. [Yellow Draconian growth]
 12439 | Lair:4   | Reached XP level 14. HP: 108/129 MP: 14/14
 12595 | Lair:4   | Noticed Sonja
 12599 | Lair:4   | Killed Sonja
 12984 | Lair:5   | HP: 3/193 [swamp worm (24)]
 13364 | Lair:5   | Found a staircase to the Slime Pits.
 13365 | Lair:5   | Found a viscous altar of Jiyva.
 13604 | Lair:5   | Identified Sif Muna's Almanac of Black Arts
 14276 | Lair:6   | Entered Level 6 of the Lair of Beasts
 14569 | Lair:6   | Found a burning altar of Makhleb.
 14765 | Lair:6   | Received a gift from Trog
 14775 | Lair:6   | Reached skill level 16 in Long Blades
 15685 | Lair:6   | Found a gateway to Hell.
 15712 | Lair:6   | Identified a scroll of acquirement
 15713 | Lair:6   | Got a scorched iron ring
 15715 | Lair:6   | Identified the ring of the Lost Wars {rF+ MP+9 Str+3 Slay+3 Stlth-} (You acquired it on level 6 of the Lair of Beasts)
 15866 | Orc:1    | Entered Level 1 of the Orcish Mines
 15870 | Orc:1    | Noticed an orc warlord
 15884 | Orc:1    | Killed an orc warlord
 16067 | Orc:1    | Found a roughly hewn altar of Beogh.
 16353 | Orc:2    | Entered Level 2 of the Orcish Mines
 16424 | Orc:2    | Found Lool's Antique Armour Boutique.
 16437 | Orc:2    | Received a gift from Trog
 16525 | Orc:2    | Found Wokhluny's General Store.
 16599 | Orc:2    | Found a staircase to the Elven Halls.
 16603 | Orc:2    | Reached XP level 15. HP: 138/138 MP: 15/15
 16732 | Orc:2    | Noticed an orc warlord
 16762 | Orc:2    | Killed an orc warlord
 16967 | Orc:2    | Found Eshet's Antique Weapon Boutique.
 17049 | Orc:2    | Noticed Nessos
 17195 | Orc:2    | Found Oreqiy's Book Shop.
 17350 | Orc:2    | Killed Nessos
 17585 | D:12     | Reached skill level 17 in Long Blades
 18434 | D:13     | Found a stormy altar of Qazlal.
 18499 | D:13     | Received a gift from Trog
 19059 | D:13     | Found a gate to the Vaults.
 19564 | D:14     | Noticed Agnes
 19566 | D:14     | Noticed Josephine
 19571 | D:14     | Killed Agnes
 19572 | D:14     | Reached skill level 18 in Long Blades
 19581 | D:14     | Killed Josephine
 19726 | D:14     | Reached skill level 15 in Dodging
 19745 | D:14     | Noticed Snorg
 19752 | D:14     | Killed Snorg
 20212 | D:15     | Entered Level 15 of the Dungeon
 20318 | D:15     | Received a gift from Trog
 20667 | D:15     | Reached XP level 16. HP: 125/147 MP: 16/16
 21298 | D:15     | Found a staircase to the Depths.
 21525 | Snake:1  | Entered Level 1 of the Snake Pit
 21530 | Snake:1  | Noticed Aizul
 21663 | Snake:1  | Killed Aizul
 21670 | Lair:4   | HP: 4/147 [naga warrior/short sword (8)]
 21672 | Lair:4   | Slain by a naga warrior

Skill      XL: |  1  2  3  4  5  6  7  8  9 10 11 12 13 14 15 |
---------------+----------------------------------------------+-----
Long Blades    | 4 5 6 8 9 10 11 12 14 15 16 18 | 18.9
Dodging        | 3 6 8 9 11 12 14 15 | 15.4
Fighting       | 6 8 11 13 14 | 14.6

Action                   |  1- 3 |  4- 6 |  7- 9 | 10-12 | 13-15 | 16-18 || total
-------------------------+-------+-------+-------+-------+-------+-------++-------
Melee: Falchion          |    68 |       |       |       |       |       ||    68
       Tailslap          |    12 |    14 |    75 |    84 |   205 |    24 ||   414
       Long sword        |    14 |   137 |   396 |    69 |       |       ||   616
       Scimitar          |       |       |       |   124 |    18 |     5 ||   147
       Great sword       |       |       |       |   215 |  1067 |    86 ||  1368
       Kick              |       |       |       |       |   477 |    45 ||   522
       Bite              |       |       |       |       |   133 |    17 ||   150
Invok: Berserk           |     1 |     2 |     5 |     3 |     8 |     1 ||    20
       Trog's Hand       |       |     1 |     2 |     1 |    13 |     3 ||    20
       Burn Spellbooks   |       |       |     1 |       |     6 |       ||     7
 Abil: Breathe Acid      |       |       |     2 |     7 |    11 |     1 ||    21
Evoke: Wand              |       |       |       |       |    12 |     2 ||    14
  Use: Scroll            |       |     3 |     4 |     4 |    14 |       ||    25
       Potion            |       |       |       |     1 |     7 |     2 ||    10
 Stab: Sleeping          |       |     1 |     1 |     1 |     2 |       ||     5
       Held in net/web   |       |       |     1 |       |       |       ||     1
       Paralysed         |       |       |       |       |     4 |       ||     4
  Eat: Chunk             |       |     8 |    14 |    16 |    40 |     2 ||    80
       Ration            |       |       |     2 |       |     4 |     1 ||     7
Armor: Skin              |    20 |    57 |   109 |   110 |   231 |    21 ||   548
Dodge: Dodged            |    58 |   106 |   247 |   292 |  1006 |   103 ||  1812
       Rpst.: Falchion   |    13 |       |       |       |       |       ||    13
       Long sword        |     4 |    39 |    80 |     9 |       |       ||   132
       Scimitar          |       |       |       |    25 |     3 |       ||    28
       Great sword       |       |       |       |    50 |   254 |    25 ||   329
